Workbook

Sheet START HERE
A1: Truck Profit DEMO | B1: Truck Profit DEMO | C1: Truck Profit DEMO | D1: Truck Profit DEMO | E1: Truck Profit DEMO | F1: Truck Profit DEMO | G1: Truck Profit DEMO | H1: Truck Profit DEMO
A2: Free demonstration | Metric European road-freight model | No macros | B2: Free demonstration | Metric European road-freight model | No macros | C2: Free demonstration | Metric European road-freight model | No macros | D2: Free demonstration | Metric European road-freight model | No macros | E2: Free demonstration | Metric European road-freight model | No macros | F2: Free demonstration | Metric European road-freight model | No macros | G2: Free demonstration | Metric European road-freight model | No macros | H2: Free demonstration | Metric European road-freight model | No macros
A4: Test one real trip and see the cost, break-even rate and profit before buying.
A6: What this workbook answers | B6: What this workbook answers | C6: What this workbook answers | D6: What this workbook answers | E6: How to use it safely | F6: How to use it safely | G6: How to use it safely | H6: How to use it safely
A7: What does this trip really cost? | E7: 1. Replace yellow sample inputs with your own figures.
A8: How much fuel will it use? | E8: 2. Enter amounts excluding VAT if you reclaim VAT; otherwise enter gross amounts.
A9: What is the break-even €/km? | E9: 3. Keep loaded and empty kilometres separate.
A10: Is the quoted rate GOOD, THIN or a LOSS? | E10: 4. Review the CHECKS sheet before relying on the result.
A11: What changes when empty kilometres increase? | E11: 5. This is a planning tool, not accounting or tax advice.
A14: Input and calculation legend | B14: Input and calculation legend | C14: Input and calculation legend | D14: Input and calculation legend | E14: Input and calculation legend | F14: Input and calculation legend | G14: Input and calculation legend | H14: Input and calculation legend
A15: YELLOW | B15: Editable input | E15: BLUE | F15: Formula / result
A16: GREEN | B16: Healthy / profitable | E16: RED | F16: Warning / loss
A17: EUR | B17: Single currency model | E17: km | F17: Metric distance model
A20: Method and sources | B20: Method and sources | C20: Method and sources | D20: Method and sources | E20: Method and sources | F20: Method and sources | G20: Method and sources | H20: Method and sources
A21: Core method: cost per kilometre = total relevant costs ÷ total kilometres. Quote price adds the selected target margin to the calculated trip cost.
A22: Method reference: https://www.geotab.com/blog/trucking-cost-per-mile-calculator/
A23: European vehicle-cost reference: https://www.wko.at/transport-verkehr/gueterbefoerderungsgewerbe/lkw-kalkulationsmodell
A24: Product support: https://eurotrucktools.com/contact/
A27: Demo limitation | B27: Demo limitation | C27: Demo limitation | D27: Demo limitation | E27: Demo limitation | F27: Demo limitation | G27: Demo limitation | H27: Demo limitation
A28: This free DEMO contains sample data and a limited calculator. STARTER adds editable trip history and a live dashboard. PRO adds a larger fleet, fixed-cost allocation, maintenance tracking and deeper analysis. Upgrade at https://eurotrucktools.com/truck-profit-calculator-excel/

Sheet FLEET & SETTINGS
A1: Truck Profit DEMO – Fleet & Settings | B1: Truck Profit DEMO – Fleet & Settings | C1: Truck Profit DEMO – Fleet & Settings | D1: Truck Profit DEMO – Fleet & Settings | E1: Truck Profit DEMO – Fleet & Settings | F1: Truck Profit DEMO – Fleet & Settings | G1: Truck Profit DEMO – Fleet & Settings | H1: Truck Profit DEMO – Fleet & Settings | I1: Truck Profit DEMO – Fleet & Settings | J1: Truck Profit DEMO – Fleet & Settings
A2: Yellow cells are editable. Use one unique code per truck. | B2: Yellow cells are editable. Use one unique code per truck. | C2: Yellow cells are editable. Use one unique code per truck. | D2: Yellow cells are editable. Use one unique code per truck. | E2: Yellow cells are editable. Use one unique code per truck. | F2: Yellow cells are editable. Use one unique code per truck. | G2: Yellow cells are editable. Use one unique code per truck. | H2: Yellow cells are editable. Use one unique code per truck. | I2: Yellow cells are editable. Use one unique code per truck. | J2: Yellow cells are editable. Use one unique code per truck.
A4: Model settings | B4: Model settings | C4: Model settings
A5: Analysis year | B5: 2026
A6: Currency | B6: EUR
A7: Default target margin | B7: 0.15
A8: Default fuel price, €/l | B8: 1.55
A9: VAT input method | B9: Net if reclaimable
A12: Fleet assumptions (3 trucks) | B12: Fleet assumptions (3 trucks) | C12: Fleet assumptions (3 trucks) | D12: Fleet assumptions (3 trucks) | E12: Fleet assumptions (3 trucks) | F12: Fleet assumptions (3 trucks) | G12: Fleet assumptions (3 trucks) | H12: Fleet assumptions (3 trucks) | I12: Fleet assumptions (3 trucks) | J12: Fleet assumptions (3 trucks)
A13: Truck code | B13: Description | C13: Planned km / month | D13: Consumption l/100 km | E13: Maintenance reserve €/km | F13: Lease / depreciation €/month | G13: Insurance & permits €/month | H13: Other fixed €/month | I13: Fixed cost €/km | J13: Active
A14: VOLVO-01 | B14: Volvo FH | C14: 11000 | D14: 27.5 | E14: 0.12 | F14: 1450 | G14: 330 | H14: 320 | I14: =IFERROR((F14+G14+H14)/C14,0) -> 0.19090909 | J14: YES
A15: SCANIA-02 | B15: Scania R | C15: 10500 | D15: 26.8 | E15: 0.12 | F15: 1500 | G15: 340 | H15: 310 | I15: =IFERROR((F15+G15+H15)/C15,0) -> 0.2047619 | J15: YES
A16: DAF-03 | B16: DAF XG | C16: 10800 | D16: 28 | E16: 0.13 | F16: 1380 | G16: 320 | H16: 300 | I16: =IFERROR((F16+G16+H16)/C16,0) -> 0.18518519 | J16: YES
A19: Fixed cost €/km allocates lease/depreciation, insurance/permits and other fixed costs across planned monthly kilometres. Use realistic planned kilometres; very low values can overstate cost/km.

Sheet QUOTE CHECK
A1: Truck Profit DEMO – Quote Check | B1: Truck Profit DEMO – Quote Check | C1: Truck Profit DEMO – Quote Check | D1: Truck Profit DEMO – Quote Check | E1: Truck Profit DEMO – Quote Check | F1: Truck Profit DEMO – Quote Check | G1: Truck Profit DEMO – Quote Check | H1: Truck Profit DEMO – Quote Check
A2: Change yellow inputs. Blue cells calculate automatically. | B2: Change yellow inputs. Blue cells calculate automatically. | C2: Change yellow inputs. Blue cells calculate automatically. | D2: Change yellow inputs. Blue cells calculate automatically. | E2: Change yellow inputs. Blue cells calculate automatically. | F2: Change yellow inputs. Blue cells calculate automatically. | G2: Change yellow inputs. Blue cells calculate automatically. | H2: Change yellow inputs. Blue cells calculate automatically.
A4: Trip inputs | B4: Trip inputs | C4: Trip inputs | D4: Trip inputs | E4: Decision | F4: Decision | G4: Decision | H4: Decision
A5: Date | C5: 46255 | E5: Total distance, km | G5: =C8+C9 -> 1380
A6: Truck | C6: VOLVO-01 | E6: Empty distance share | G6: =IFERROR(C9/G5,0) -> 0.13043478
A7: Customer / route | C7: Kaunas–Hamburg | E7: Fuel needed, l | G7: =IFERROR(G5*C11/100,0) -> 379.5
A8: Loaded km | C8: 1200 | E8: Fuel cost | G8: =G7*C12 -> 588.225
A9: Empty km | C9: 180 | E9: Maintenance provision | G9: =G5*C18 -> 165.6
A10: Quoted revenue, € | C10: 2200 | E10: Fixed-cost allocation | G10: =G5*C19 -> 262.2
A11: Consumption, l/100 km | C11: 27.5 | E11: Total trip cost | G11: =SUM(G8:G10)+C13+C14+C15+C16+C17+C20 -> 1588.025
A12: Fuel price, €/l | C12: 1.55 | E12: Break-even, €/km | G12: =IFERROR(G11/G5,0) -> 1.1507428
A13: Tolls, € | C13: 210 | E13: Revenue, €/km | G13: =IFERROR(C10/G5,0) -> 1.5942029
A14: Ferry, € | C14: 0 | E14: Expected profit | G14: =C10-G11 -> 611.975
A15: Parking, € | C15: 35 | E15: Profit margin | G15: =IFERROR(G14/C10,0) -> 0.27817045
A16: AdBlue, € | C16: 22 | E16: Price at target margin | G16: =IFERROR(G11/(1-C21),0) -> 1868.2647
A17: Driver trip cost, € | C17: 260 | E17: Decision | G17: =IF(G14<0,"LOSS",IF(G15<C21,"THIN","GOOD")) -> GOOD
A18: Maintenance reserve, €/km | C18: 0.12
A19: Fixed cost, €/km | C19: 0.19
A20: Other trip costs, € | C20: 45
A21: Target margin | C21: 0.15
A24: GOOD = quoted margin meets or exceeds the selected target. THIN = still profitable, but below target. LOSS = the quoted revenue does not cover the entered trip costs.

Sheet TRIPS
A1: Truck Profit DEMO – Trip Log | B1: Truck Profit DEMO – Trip Log | C1: Truck Profit DEMO – Trip Log | D1: Truck Profit DEMO – Trip Log | E1: Truck Profit DEMO – Trip Log | F1: Truck Profit DEMO – Trip Log | G1: Truck Profit DEMO – Trip Log | H1: Truck Profit DEMO – Trip Log | I1: Truck Profit DEMO – Trip Log | J1: Truck Profit DEMO – Trip Log | K1: Truck Profit DEMO – Trip Log | L1: Truck Profit DEMO – Trip Log | M1: Truck Profit DEMO – Trip Log | N1: Truck Profit DEMO – Trip Log | O1: Truck Profit DEMO – Trip Log | P1: Truck Profit DEMO – Trip Log | Q1: Truck Profit DEMO – Trip Log | R1: Truck Profit DEMO – Trip Log | S1: Truck Profit DEMO – Trip Log | T1: Truck Profit DEMO – Trip Log | U1: Truck Profit DEMO – Trip Log | V1: Truck Profit DEMO – Trip Log | W1: Truck Profit DEMO – Trip Log | X1: Truck Profit DEMO – Trip Log | Y1: Truck Profit DEMO – Trip Log | Z1: Truck Profit DEMO – Trip Log | AA1: Truck Profit DEMO – Trip Log | AB1: Truck Profit DEMO – Trip Log
A2: Sample trips only in the free demo. | B2: Sample trips only in the free demo. | C2: Sample trips only in the free demo. | D2: Sample trips only in the free demo. | E2: Sample trips only in the free demo. | F2: Sample trips only in the free demo. | G2: Sample trips only in the free demo. | H2: Sample trips only in the free demo. | I2: Sample trips only in the free demo. | J2: Sample trips only in the free demo. | K2: Sample trips only in the free demo. | L2: Sample trips only in the free demo. | M2: Sample trips only in the free demo. | N2: Sample trips only in the free demo. | O2: Sample trips only in the free demo. | P2: Sample trips only in the free demo. | Q2: Sample trips only in the free demo. | R2: Sample trips only in the free demo. | S2: Sample trips only in the free demo. | T2: Sample trips only in the free demo. | U2: Sample trips only in the free demo. | V2: Sample trips only in the free demo. | W2: Sample trips only in the free demo. | X2: Sample trips only in the free demo. | Y2: Sample trips only in the free demo. | Z2: Sample trips only in the free demo. | AA2: Sample trips only in the free demo. | AB2: Sample trips only in the free demo.
A4: Date | B4: Month | C4: Truck | D4: Customer / route | E4: Loaded km | F4: Empty km | G4: Total km | H4: Revenue € | I4: l/100 km | J4: €/l | K4: Fuel l | L4: Fuel € | M4: Tolls | N4: Ferry | O4: Parking | P4: AdBlue | Q4: Driver | R4: Maint. €/km | S4: Maint. € | T4: Fixed €/km | U4: Fixed € | V4: Other | W4: Total cost | X4: Cost €/km | Y4: Profit | Z4: Margin | AA4: Revenue €/km | AB4: Status
A5: 46176 | B5: =IF(A5="","",TEXT(A5,"yyyy-mm")) -> 2026-06 | C5: VOLVO-01 | D5: Kaunas–Hamburg | E5: 1200 | F5: 160 | G5: =IF(A5="","",E5+F5) -> 1360 | H5: 2180 | I5: 27.4 | J5: 1.54 | K5: =IF(A5="","",G5*I5/100) -> 372.64 | L5: =IF(A5="","",K5*J5) -> 573.8656 | M5: 205 | N5: 0 | O5: 32 | P5: 20 | Q5: 255 | R5: 0.12 | S5: =IF(A5="","",G5*R5) -> 163.2 | T5: =IF(A5="","",SUMIF('FLEET & SETTINGS'!$A$14:$A$16,C5,'FLEET & SETTINGS'!$I$14:$I$16)) -> 0.19090909 | U5: =IF(A5="","",G5*T5) -> 259.63636 | V5: 35 | W5: =IF(A5="","",SUM(L5:S5)+U5+V5) -> 1543.822 | X5: =IFERROR(W5/G5,0) -> 1.1351632 | Y5: =IF(A5="","",H5-W5) -> 636.17804 | Z5: =IFERROR(Y5/H5,0) -> 0.29182479 | AA5: =IFERROR(H5/G5,0) -> 1.6029412 | AB5: =IF(A5="","",IF(Y5<0,"LOSS",IF(Z5<'FLEET & SETTINGS'!$B$7,"THIN","GOOD"))) -> GOOD
A6: 46183 | B6: =IF(A6="","",TEXT(A6,"yyyy-mm")) -> 2026-06 | C6: SCANIA-02 | D6: Vilnius–Warsaw | E6: 820 | F6: 90 | G6: =IF(A6="","",E6+F6) -> 910 | H6: 1420 | I6: 26.8 | J6: 1.52 | K6: =IF(A6="","",G6*I6/100) -> 243.88 | L6: =IF(A6="","",K6*J6) -> 370.6976 | M6: 105 | N6: 0 | O6: 18 | P6: 16 | Q6: 190 | R6: 0.12 | S6: =IF(A6="","",G6*R6) -> 109.2 | T6: =IF(A6="","",SUMIF('FLEET & SETTINGS'!$A$14:$A$16,C6,'FLEET & SETTINGS'!$I$14:$I$16)) -> 0.2047619 | U6: =IF(A6="","",G6*T6) -> 186.33333 | V6: 25 | W6: =IF(A6="","",SUM(L6:S6)+U6+V6) -> 1020.3509 | X6: =IFERROR(W6/G6,0) -> 1.1212648 | Y6: =IF(A6="","",H6-W6) -> 399.64907 | Z6: =IFERROR(Y6/H6,0) -> 0.281443 | AA6: =IFERROR(H6/G6,0) -> 1.5604396 | AB6: =IF(A6="","",IF(Y6<0,"LOSS",IF(Z6<'FLEET & SETTINGS'!$B$7,"THIN","GOOD"))) -> GOOD
A7: 46214 | B7: =IF(A7="","",TEXT(A7,"yyyy-mm")) -> 2026-07 | C7: DAF-03 | D7: Vilnius–Munich | E7: 1450 | F7: 190 | G7: =IF(A7="","",E7+F7) -> 1640 | H7: 2540 | I7: 28 | J7: 1.58 | K7: =IF(A7="","",G7*I7/100) -> 459.2 | L7: =IF(A7="","",K7*J7) -> 725.536 | M7: 270 | N7: 0 | O7: 39 | P7: 24 | Q7: 295 | R7: 0.13 | S7: =IF(A7="","",G7*R7) -> 213.2 | T7: =IF(A7="","",SUMIF('FLEET & SETTINGS'!$A$14:$A$16,C7,'FLEET & SETTINGS'!$I$14:$I$16)) -> 0.18518519 | U7: =IF(A7="","",G7*T7) -> 303.7037 | V7: 55 | W7: =IF(A7="","",SUM(L7:S7)+U7+V7) -> 1925.5697 | X7: =IFERROR(W7/G7,0) -> 1.1741279 | Y7: =IF(A7="","",H7-W7) -> 614.4303 | Z7: =IFERROR(Y7/H7,0) -> 0.24190169 | AA7: =IFERROR(H7/G7,0) -> 1.5487805 | AB7: =IF(A7="","",IF(Y7<0,"LOSS",IF(Z7<'FLEET & SETTINGS'!$B$7,"THIN","GOOD"))) -> GOOD
A8: 46243 | B8: =IF(A8="","",TEXT(A8,"yyyy-mm")) -> 2026-08 | C8: VOLVO-01 | D8: Kaunas–Hamburg | E8: 1200 | F8: 180 | G8: =IF(A8="","",E8+F8) -> 1380 | H8: 2200 | I8: 27.5 | J8: 1.55 | K8: =IF(A8="","",G8*I8/100) -> 379.5 | L8: =IF(A8="","",K8*J8) -> 588.225 | M8: 210 | N8: 0 | O8: 35 | P8: 22 | Q8: 260 | R8: 0.12 | S8: =IF(A8="","",G8*R8) -> 165.6 | T8: =IF(A8="","",SUMIF('FLEET & SETTINGS'!$A$14:$A$16,C8,'FLEET & SETTINGS'!$I$14:$I$16)) -> 0.19090909 | U8: =IF(A8="","",G8*T8) -> 263.45455 | V8: 45 | W8: =IF(A8="","",SUM(L8:S8)+U8+V8) -> 1589.3995 | X8: =IFERROR(W8/G8,0) -> 1.1517388 | Y8: =IF(A8="","",H8-W8) -> 610.60045 | Z8: =IFERROR(Y8/H8,0) -> 0.27754566 | AA8: =IFERROR(H8/G8,0) -> 1.5942029 | AB8: =IF(A8="","",IF(Y8<0,"LOSS",IF(Z8<'FLEET & SETTINGS'!$B$7,"THIN","GOOD"))) -> GOOD
A9: 46248 | B9: =IF(A9="","",TEXT(A9,"yyyy-mm")) -> 2026-08 | C9: SCANIA-02 | D9: Vilnius–Gdansk | E9: 560 | F9: 70 | G9: =IF(A9="","",E9+F9) -> 630 | H9: 1010 | I9: 26.7 | J9: 1.54 | K9: =IF(A9="","",G9*I9/100) -> 168.21 | L9: =IF(A9="","",K9*J9) -> 259.0434 | M9: 65 | N9: 0 | O9: 12 | P9: 11 | Q9: 145 | R9: 0.12 | S9: =IF(A9="","",G9*R9) -> 75.6 | T9: =IF(A9="","",SUMIF('FLEET & SETTINGS'!$A$14:$A$16,C9,'FLEET & SETTINGS'!$I$14:$I$16)) -> 0.2047619 | U9: =IF(A9="","",G9*T9) -> 129 | V9: 18 | W9: =IF(A9="","",SUM(L9:S9)+U9+V9) -> 714.7634 | X9: =IFERROR(W9/G9,0) -> 1.1345451 | Y9: =IF(A9="","",H9-W9) -> 295.2366 | Z9: =IFERROR(Y9/H9,0) -> 0.29231347 | AA9: =IFERROR(H9/G9,0) -> 1.6031746 | AB9: =IF(A9="","",IF(Y9<0,"LOSS",IF(Z9<'FLEET & SETTINGS'!$B$7,"THIN","GOOD"))) -> GOOD

Sheet DASHBOARD
A1: Truck Profit DEMO – Dashboard | B1: Truck Profit DEMO – Dashboard | C1: Truck Profit DEMO – Dashboard | D1: Truck Profit DEMO – Dashboard | E1: Truck Profit DEMO – Dashboard | F1: Truck Profit DEMO – Dashboard | G1: Truck Profit DEMO – Dashboard | H1: Truck Profit DEMO – Dashboard | I1: Truck Profit DEMO – Dashboard | J1: Truck Profit DEMO – Dashboard | K1: Truck Profit DEMO – Dashboard | L1: Truck Profit DEMO – Dashboard
A2: Illustrative sample results | B2: Illustrative sample results | C2: Illustrative sample results | D2: Illustrative sample results | E2: Illustrative sample results | F2: Illustrative sample results | G2: Illustrative sample results | H2: Illustrative sample results | I2: Illustrative sample results | J2: Illustrative sample results | K2: Illustrative sample results | L2: Illustrative sample results
A4: Know the real cost per kilometre, trip profitability and where margin is being lost.
A6: REVENUE | D6: TOTAL COST | G6: PROFIT | J6: MARGIN
A7: =SUM(TRIPS!H5:H9) -> 9350 | D7: =SUM(TRIPS!W5:W9) -> 6793.9055 | G7: =SUM(TRIPS!Y5:Y9) -> 2556.0945 | J7: =IFERROR(SUM(TRIPS!Y5:Y9)/SUM(TRIPS!H5:H9),0) -> 0.27337909
A10: TRIPS | D10: TOTAL KM | G10: COST / KM | J10: EMPTY KM
A11: =COUNT(TRIPS!A5:A9) -> 5 | D11: =SUM(TRIPS!G5:G9) -> 5920 | G11: =IFERROR(SUM(TRIPS!W5:W9)/SUM(TRIPS!G5:G9),0) -> 1.1476192 | J11: =IFERROR(SUM(TRIPS!F5:F9)/SUM(TRIPS!G5:G9),0) -> 0.11655405
A15: Monthly performance | B15: Monthly performance | C15: Monthly performance | D15: Monthly performance | E15: Monthly performance | F15: Monthly performance | H15: Performance by truck | I15: Performance by truck | J15: Performance by truck | K15: Performance by truck | L15: Performance by truck
A16: Month | B16: Revenue | C16: Cost | D16: Profit | E16: Margin | F16: Trips | H16: Truck | I16: Revenue | J16: Cost | K16: Profit | L16: Margin
A17: =TEXT(DATE('FLEET & SETTINGS'!$B$5,1,1),"mmm") -> Jan | B17: =SUMIF(TRIPS!$B$5:$B$9,TEXT(DATE('FLEET & SETTINGS'!$B$5,1,1),"yyyy-mm"),TRIPS!$H$5:$H$9) -> 0 | C17: =SUMIF(TRIPS!$B$5:$B$9,TEXT(DATE('FLEET & SETTINGS'!$B$5,1,1),"yyyy-mm"),TRIPS!$W$5:$W$9) -> 0 | D17: =B17-C17 -> 0 | E17: =IFERROR(D17/B17,0) -> 0 | F17: =COUNTIF(TRIPS!$B$5:$B$9,TEXT(DATE('FLEET & SETTINGS'!$B$5,1,1),"yyyy-mm")) -> 0 | H17: ='FLEET & SETTINGS'!A14 -> VOLVO-01 | I17: =IF(H17="",0,SUMIF(TRIPS!$C$5:$C$9,H17,TRIPS!$H$5:$H$9)) -> 4380 | J17: =IF(H17="",0,SUMIF(TRIPS!$C$5:$C$9,H17,TRIPS!$W$5:$W$9)) -> 3133.2215 | K17: =I17-J17 -> 1246.7785 | L17: =IFERROR(K17/I17,0) -> 0.28465262
A18: =TEXT(DATE('FLEET & SETTINGS'!$B$5,2,1),"mmm") -> Feb | B18: =SUMIF(TRIPS!$B$5:$B$9,TEXT(DATE('FLEET & SETTINGS'!$B$5,2,1),"yyyy-mm"),TRIPS!$H$5:$H$9) -> 0 | C18: =SUMIF(TRIPS!$B$5:$B$9,TEXT(DATE('FLEET & SETTINGS'!$B$5,2,1),"yyyy-mm"),TRIPS!$W$5:$W$9) -> 0 | D18: =B18-C18 -> 0 | E18: =IFERROR(D18/B18,0) -> 0 | F18: =COUNTIF(TRIPS!$B$5:$B$9,TEXT(DATE('FLEET & SETTINGS'!$B$5,2,1),"yyyy-mm")) -> 0 | H18: ='FLEET & SETTINGS'!A15 -> SCANIA-02 | I18: =IF(H18="",0,SUMIF(TRIPS!$C$5:$C$9,H18,TRIPS!$H$5:$H$9)) -> 2430 | J18: =IF(H18="",0,SUMIF(TRIPS!$C$5:$C$9,H18,TRIPS!$W$5:$W$9)) -> 1735.1143 | K18: =I18-J18 -> 694.88567 | L18: =IFERROR(K18/I18,0) -> 0.28596118
A19: =TEXT(DATE('FLEET & SETTINGS'!$B$5,3,1),"mmm") -> Mar | B19: =SUMIF(TRIPS!$B$5:$B$9,TEXT(DATE('FLEET & SETTINGS'!$B$5,3,1),"yyyy-mm"),TRIPS!$H$5:$H$9) -> 0 | C19: =SUMIF(TRIPS!$B$5:$B$9,TEXT(DATE('FLEET & SETTINGS'!$B$5,3,1),"yyyy-mm"),TRIPS!$W$5:$W$9) -> 0 | D19: =B19-C19 -> 0 | E19: =IFERROR(D19/B19,0) -> 0 | F19: =COUNTIF(TRIPS!$B$5:$B$9,TEXT(DATE('FLEET & SETTINGS'!$B$5,3,1),"yyyy-mm")) -> 0 | H19: ='FLEET & SETTINGS'!A16 -> DAF-03 | I19: =IF(H19="",0,SUMIF(TRIPS!$C$5:$C$9,H19,TRIPS!$H$5:$H$9)) -> 2540 | J19: =IF(H19="",0,SUMIF(TRIPS!$C$5:$C$9,H19,TRIPS!$W$5:$W$9)) -> 1925.5697 | K19: =I19-J19 -> 614.4303 | L19: =IFERROR(K19/I19,0) -> 0.24190169
A20: =TEXT(DATE('FLEET & SETTINGS'!$B$5,4,1),"mmm") -> Apr | B20: =SUMIF(TRIPS!$B$5:$B$9,TEXT(DATE('FLEET & SETTINGS'!$B$5,4,1),"yyyy-mm"),TRIPS!$H$5:$H$9) -> 0 | C20: =SUMIF(TRIPS!$B$5:$B$9,TEXT(DATE('FLEET & SETTINGS'!$B$5,4,1),"yyyy-mm"),TRIPS!$W$5:$W$9) -> 0 | D20: =B20-C20 -> 0 | E20: =IFERROR(D20/B20,0) -> 0 | F20: =COUNTIF(TRIPS!$B$5:$B$9,TEXT(DATE('FLEET & SETTINGS'!$B$5,4,1),"yyyy-mm")) -> 0
A21: =TEXT(DATE('FLEET & SETTINGS'!$B$5,5,1),"mmm") -> May | B21: =SUMIF(TRIPS!$B$5:$B$9,TEXT(DATE('FLEET & SETTINGS'!$B$5,5,1),"yyyy-mm"),TRIPS!$H$5:$H$9) -> 0 | C21: =SUMIF(TRIPS!$B$5:$B$9,TEXT(DATE('FLEET & SETTINGS'!$B$5,5,1),"yyyy-mm"),TRIPS!$W$5:$W$9) -> 0 | D21: =B21-C21 -> 0 | E21: =IFERROR(D21/B21,0) -> 0 | F21: =COUNTIF(TRIPS!$B$5:$B$9,TEXT(DATE('FLEET & SETTINGS'!$B$5,5,1),"yyyy-mm")) -> 0
A22: =TEXT(DATE('FLEET & SETTINGS'!$B$5,6,1),"mmm") -> Jun | B22: =SUMIF(TRIPS!$B$5:$B$9,TEXT(DATE('FLEET & SETTINGS'!$B$5,6,1),"yyyy-mm"),TRIPS!$H$5:$H$9) -> 3600 | C22: =SUMIF(TRIPS!$B$5:$B$9,TEXT(DATE('FLEET & SETTINGS'!$B$5,6,1),"yyyy-mm"),TRIPS!$W$5:$W$9) -> 2564.1729 | D22: =B22-C22 -> 1035.8271 | E22: =IFERROR(D22/B22,0) -> 0.28772975 | F22: =COUNTIF(TRIPS!$B$5:$B$9,TEXT(DATE('FLEET & SETTINGS'!$B$5,6,1),"yyyy-mm")) -> 2
A23: =TEXT(DATE('FLEET & SETTINGS'!$B$5,7,1),"mmm") -> Jul | B23: =SUMIF(TRIPS!$B$5:$B$9,TEXT(DATE('FLEET & SETTINGS'!$B$5,7,1),"yyyy-mm"),TRIPS!$H$5:$H$9) -> 2540 | C23: =SUMIF(TRIPS!$B$5:$B$9,TEXT(DATE('FLEET & SETTINGS'!$B$5,7,1),"yyyy-mm"),TRIPS!$W$5:$W$9) -> 1925.5697 | D23: =B23-C23 -> 614.4303 | E23: =IFERROR(D23/B23,0) -> 0.24190169 | F23: =COUNTIF(TRIPS!$B$5:$B$9,TEXT(DATE('FLEET & SETTINGS'!$B$5,7,1),"yyyy-mm")) -> 1
A24: =TEXT(DATE('FLEET & SETTINGS'!$B$5,8,1),"mmm") -> Aug | B24: =SUMIF(TRIPS!$B$5:$B$9,TEXT(DATE('FLEET & SETTINGS'!$B$5,8,1),"yyyy-mm"),TRIPS!$H$5:$H$9) -> 3210 | C24: =SUMIF(TRIPS!$B$5:$B$9,TEXT(DATE('FLEET & SETTINGS'!$B$5,8,1),"yyyy-mm"),TRIPS!$W$5:$W$9) -> 2304.1629 | D24: =B24-C24 -> 905.83705 | E24: =IFERROR(D24/B24,0) -> 0.28219223 | F24: =COUNTIF(TRIPS!$B$5:$B$9,TEXT(DATE('FLEET & SETTINGS'!$B$5,8,1),"yyyy-mm")) -> 2
A25: =TEXT(DATE('FLEET & SETTINGS'!$B$5,9,1),"mmm") -> Sep | B25: =SUMIF(TRIPS!$B$5:$B$9,TEXT(DATE('FLEET & SETTINGS'!$B$5,9,1),"yyyy-mm"),TRIPS!$H$5:$H$9) -> 0 | C25: =SUMIF(TRIPS!$B$5:$B$9,TEXT(DATE('FLEET & SETTINGS'!$B$5,9,1),"yyyy-mm"),TRIPS!$W$5:$W$9) -> 0 | D25: =B25-C25 -> 0 | E25: =IFERROR(D25/B25,0) -> 0 | F25: =COUNTIF(TRIPS!$B$5:$B$9,TEXT(DATE('FLEET & SETTINGS'!$B$5,9,1),"yyyy-mm")) -> 0
A26: =TEXT(DATE('FLEET & SETTINGS'!$B$5,10,1),"mmm") -> Oct | B26: =SUMIF(TRIPS!$B$5:$B$9,TEXT(DATE('FLEET & SETTINGS'!$B$5,10,1),"yyyy-mm"),TRIPS!$H$5:$H$9) -> 0 | C26: =SUMIF(TRIPS!$B$5:$B$9,TEXT(DATE('FLEET & SETTINGS'!$B$5,10,1),"yyyy-mm"),TRIPS!$W$5:$W$9) -> 0 | D26: =B26-C26 -> 0 | E26: =IFERROR(D26/B26,0) -> 0 | F26: =COUNTIF(TRIPS!$B$5:$B$9,TEXT(DATE('FLEET & SETTINGS'!$B$5,10,1),"yyyy-mm")) -> 0
A27: =TEXT(DATE('FLEET & SETTINGS'!$B$5,11,1),"mmm") -> Nov | B27: =SUMIF(TRIPS!$B$5:$B$9,TEXT(DATE('FLEET & SETTINGS'!$B$5,11,1),"yyyy-mm"),TRIPS!$H$5:$H$9) -> 0 | C27: =SUMIF(TRIPS!$B$5:$B$9,TEXT(DATE('FLEET & SETTINGS'!$B$5,11,1),"yyyy-mm"),TRIPS!$W$5:$W$9) -> 0 | D27: =B27-C27 -> 0 | E27: =IFERROR(D27/B27,0) -> 0 | F27: =COUNTIF(TRIPS!$B$5:$B$9,TEXT(DATE('FLEET & SETTINGS'!$B$5,11,1),"yyyy-mm")) -> 0
A28: =TEXT(DATE('FLEET & SETTINGS'!$B$5,12,1),"mmm") -> Dec | B28: =SUMIF(TRIPS!$B$5:$B$9,TEXT(DATE('FLEET & SETTINGS'!$B$5,12,1),"yyyy-mm"),TRIPS!$H$5:$H$9) -> 0 | C28: =SUMIF(TRIPS!$B$5:$B$9,TEXT(DATE('FLEET & SETTINGS'!$B$5,12,1),"yyyy-mm"),TRIPS!$W$5:$W$9) -> 0 | D28: =B28-C28 -> 0 | E28: =IFERROR(D28/B28,0) -> 0 | F28: =COUNTIF(TRIPS!$B$5:$B$9,TEXT(DATE('FLEET & SETTINGS'!$B$5,12,1),"yyyy-mm")) -> 0

Sheet CHECKS
A1: Truck Profit DEMO – Model Checks | B1: Truck Profit DEMO – Model Checks | C1: Truck Profit DEMO – Model Checks | D1: Truck Profit DEMO – Model Checks | E1: Truck Profit DEMO – Model Checks | F1: Truck Profit DEMO – Model Checks
A2: Every result should be OK before relying on the workbook. | B2: Every result should be OK before relying on the workbook. | C2: Every result should be OK before relying on the workbook. | D2: Every result should be OK before relying on the workbook. | E2: Every result should be OK before relying on the workbook. | F2: Every result should be OK before relying on the workbook.
A4: Check | B4: Status | C4: Found / difference | D4: Meaning
A5: Negative kilometres | B5: =IF(C5=0,"OK","CHECK") -> OK | C5: =COUNTIF(TRIPS!E5:G9,"<0") -> 0 | D5: Distance cannot be negative.
A6: Negative revenue | B6: =IF(C6=0,"OK","CHECK") -> OK | C6: =COUNTIF(TRIPS!H5:H9,"<0") -> 0 | D6: Revenue should not be negative.
A7: Trip without truck | B7: =IF(C7=0,"OK","CHECK") -> OK | C7: =COUNTIFS(TRIPS!A5:A9,"<>",TRIPS!C5:C9,"") -> 0 | D7: Every used row needs a truck.
A8: Trip with zero km | B8: =IF(C8=0,"OK","CHECK") -> OK | C8: =COUNTIFS(TRIPS!A5:A9,"<>",TRIPS!G5:G9,"<=0") -> 0 | D8: A recorded trip needs distance.
A9: Dashboard revenue tie | B9: =IF(ABS(C9)<0.01,"OK","CHECK") -> OK | C9: =SUM(TRIPS!H5:H9)-DASHBOARD!A7 -> 0 | D9: Difference must be zero.
A10: Dashboard profit tie | B10: =IF(ABS(C10)<0.01,"OK","CHECK") -> OK | C10: =SUM(TRIPS!Y5:Y9)-DASHBOARD!G7 -> 0 | D10: Difference must be zero.
A11: Quote calculation tie | B11: =IF(ABS(C11)<0.01,"OK","CHECK") -> OK | C11: ='QUOTE CHECK'!G14-('QUOTE CHECK'!C10-'QUOTE CHECK'!G11) -> 0 | D11: Expected profit must equal revenue minus cost.
A14: OVERALL STATUS | B14: =IF(COUNTIF(B5:B11,"CHECK")=0,"MODEL OK","REVIEW REQUIRED") -> MODEL OK
